 Dungeon Crawl Stone Soup version 0.24-a0-586-g8e0e932 (webtiles) character file.

Game seed: 11296094548809136029, levelgen mode: deterministic

785 Gashadokuro the Skirmisher (level 7, -4/55 HPs)
             Began as a Demonspawn Berserker on Sept 7, 2019.
             Was a Priest of Trog.
             Slain by a phantom (7 damage)
             ... on level 5 of the Dungeon.
             The game lasted 00:17:29 (4773 turns).

Gashadokuro the Skirmisher (Demonspawn Berserker)   Turns: 4773, Time: 00:17:31

Health: -4/55      AC:  9    Str: 19    XL:     7   Next: 56%
Magic:  7/7        EV:  8    Int:  9    God:    Trog [***...]
Gold:   175        SH:  3    Dex: 12    Spells: 6/6 levels left

rFire    . . .     SeeInvis .   W - +0 war axe (venom)
rCold    . . .     Gourm    .   q - +0 buckler
rNeg     . . .     Faith    .   r - +0 chain mail
rPois    +         Spirit   .   (no helmet)
rElec    .         Reflect  .   (no cloak)
rCorr    .         Harm     +   (no gloves)
MR       .....                  (no boots)
Stlth    ..........             G - amulet of harm
HPRegen  0.18/turn              k - ring of poison resistance
MPRegen  0.10/turn              m - ring of attention (curse)

@: berserk cooldown, slowed, very slow
A: claws 1, demonic guardian 1
a: Berserk, Trog's Hand, Renounce Religion


You were on level 5 of the Dungeon.
You worshipped Trog.
Trog was most pleased with you.
You were not hungry.

You visited 1 branch of the dungeon, and saw 5 of its levels.

You collected 175 gold pieces.

Inventory:

Hand Weapons
 a - a +0 falchion
 b - a +0 mace of protection
 e - a +0 mace
 i - a +0 giant club
 l - a +0 giant club
 w - a +0 short sword
 x - a +2 dagger of flaming
 B - a +0 halberd
 C - a +0 spear
 F - a +0 mace
 H - a +0 flail
 I - a +0 club
 J - a +0 whip
 K - a +0 halberd
 M - a +1 short sword of venom
 O - a +0 club
 P - a +0 morningstar
 U - a +0 trident
 W - a +0 war axe of venom (weapon)
 X - a +0 dagger
 Z - a +0 short sword
Missiles
 d - 113 arrows
 g - 121 stones (quivered)
 s - 67 bolts
 t - 8 javelins
 Q - 16 poisoned darts
Armour
 q - a +0 buckler (worn)
 r - a +0 chain mail (worn)
Jewellery
 k - a ring of poison resistance (left claw)
 m - a cursed ring of attention (right claw)
 D - an uncursed ring of see invisible
 G - an amulet of harm (around neck)
Scrolls
 c - 4 scrolls of immolation {unknown}
 j - 5 scrolls of identify {unknown}
 n - a scroll of blinking {unknown}
 y - a scroll of enchant weapon {unknown}
 A - 3 scrolls of teleportation {unknown}
 R - 2 scrolls of remove curse {unknown}
 S - a scroll of amnesia {unknown}
 V - a scroll of fog {unknown}
Potions
 h - 2 potions of experience {unknown}
 o - 5 potions of mutation {unknown}
 p - a potion of might {unknown}
 u - 2 potions of berserk rage {unknown}
 z - 4 potions of agility {unknown}
 E - 2 potions of magic {unknown}
 L - a potion of degeneration {unknown}
 N - a potion of ambrosia {unknown}
 T - 2 potions of curing {unknown}
 Y - a potion of flight {unknown}
Comestibles
 f - 2 rations


   Skills:
 + Level 4.4 Fighting
 + Level 1.0(2.2) Short Blades
 + Level 3.1(3.2) Long Blades
 + Level 3.8(4.3) Axes
 + Level 1.3(2.8) Maces & Flails
 + Level 2.2(3.3) Polearms
 + Level 3.5 Armour
 + Level 3.2 Dodging
 + Level 1.1 Stealth


You had 6 spell levels left.
You didn't know any spells.
Your spell library was empty.

Dungeon Overview and Level Annotations

Branches:
Dungeon (5/15)
 Temple: D:4-7

Altars:
Sif Muna


Innate Abilities, Weirdness & Mutations

You have sharp fingernails.
A weak demonic guardian rushes to your aid.


Message History

Your shadow imp hits the phantom.
Your ufetubus misses the phantom.
Your ufetubus closely misses the phantom.
You block the phantom's attack.
You closely miss the phantom.
The phantom is almost destroyed.
You are no longer berserk.
You are exhausted.
You feel yourself slow down.
Your ufetubus closely misses the phantom.
Your ufetubus barely misses the phantom.
Your shadow imp hits the phantom but does no damage.
The phantom hits you.
* * * LOW HITPOINT WARNING * * *
You barely miss the phantom.
The phantom is almost destroyed.
Your ufetubus disappears in a puff of smoke!
An orc wizard comes into view. It is wielding a +0 dagger.
Your shadow imp barely misses the phantom.
The phantom hits you.
You die...

#....# #.....#..
#....##+#.....#..
###.............#..
##.##'##.........#..
#......#.........#..
#......#.........#..
#......#.........#..
#......#####.....#
#ยง5@.).....#.....#
###
###W##+###..#.....#
##...#.).##..#
+#.....#
#............#
....###
#............# ....#
+............# ....#
#............#
##o..######..# #...
+##


You could see a phantom, an orc wizard and a friendly shadow imp.

Vanquished Creatures
  3 ogres
  A howler monkey (D:4)
  A hound (D:4)
  4 orc priests
  4 orc wizards (D:4)
  An iguana (D:4)
  A worker ant (D:5)
  4 gnolls (D:2)
  7 adders
  An ooze (D:1)
  An adder skeleton (D:4)
  A worm (D:3)
  2 dart slugs (D:1)
  3 leopard geckos
  12 orcs
  10 bats
  6 giant cockroaches
  3 hobgoblins (D:3)
  6 jackals
  A quokka (D:4)
  A ball python (D:1)
  6 frilled lizards
  5 goblins
  A jackal skeleton (D:4)
  8 kobolds
  A leopard gecko skeleton (D:5)
  9 rats
103 creatures vanquished.

Vanquished Creatures (collateral kills)
  3 gnolls (D:2)
  An orc (D:3)
  A jackal (D:4)
  A rat (D:2)
6 creatures vanquished.

Grand Total: 109 creatures vanquished

Notes
Turn   | Place    | Note
-------+----------+-------------------------------------------
     0 | D:1      | Gashadokuro the Demonspawn Berserker began the quest for
                  | the Orb.
     0 | D:1      | Reached XP level 1. HP: 18/18 MP: 1/1
   217 | D:1      | Gained mutation: A weak demonic guardian rushes to your
                  | aid. [demonic ancestry]
   217 | D:1      | Reached XP level 2. HP: 8/24 MP: 2/2
   949 | D:1      | Reached XP level 3. HP: 15/29 MP: 3/3
  1562 | D:2      | Reached skill level 1 in Maces & Flails
  1562 | D:2      | Reached XP level 4. HP: 19/35 MP: 4/4
  1581 | D:2      | Reached ** piety under Trog
  1850 | D:2      | Found a shimmering blue altar of Sif Muna.
  2520 | D:3      | Reached XP level 5. HP: 42/42 MP: 5/5
  2656 | D:3      | Reached skill level 1 in Polearms
  2739 | D:3      | Reached skill level 1 in Short Blades
  2967 | D:3      | Reached *** piety under Trog
  3303 | D:4      | Reached skill level 4 in Fighting
  3303 | D:4      | Gained mutation: You have sharp fingernails. [demonic
                  | ancestry]
  3303 | D:4      | Reached XP level 6. HP: 48/48 MP: 6/6
  3305 | D:4      | Reached skill level 1 in Axes
  3808 | D:4      | Reached XP level 7. HP: 40/54 MP: 7/7
  3813 | D:4      | Reached skill level 1 in Stealth
  4692 | D:5      | Entered Level 5 of the Dungeon
  4752 | D:5      | HP: 1/55 [orc priest/divine providence (14)]
  4773 | D:5      | Slain by a phantom

Levels and vault maps discovered:
D:1:      giann_forest_graveyard, layout_rooms, minmay_pentomino_s4
D:2:      layout_loops_ring, led_sif_pool
D:3:      layout_basic
D:4:      minmay_skewed_foursquare, layout_basic, first_ration,
          minmay_strange_pillars
D:5:      layout_gridville, minmay_temple_entry_stoned_glass, serial_shops,
          nicolae_shop_statue_plus, gammafunk_ghost_grave, uniq_menkaure,
          uniq_sigmund

Skill      XL: |  1  2  3  4  5  6  7 |
---------------+----------------------+-----
Long Blades    | 3 |  3.1
Dodging        | 2 3 |  3.2
Armour         | 2 3 |  3.5
Maces & Flails | 1 |  1.3
Polearms       | 2 |  2.2
Short Blades   | 1 |  1.0
Fighting       | 4 |  4.4
Axes           | 2 3 |  3.8
Stealth        | 1 |  1.1

Action                   |  1- 3 |  4- 6 |  7- 9 || total
-------------------------+-------+-------+-------++-------
Melee: Falchion          |    12 |     2 |       ||    14
       Mace              |    80 |       |       ||    80
       Dagger            |    20 |     4 |       ||    24
       Halberd           |       |    70 |       ||    70
       War axe           |       |    60 |    25 ||    85
       Short sword       |       |    14 |       ||    14
Invok: Berserk           |       |     5 |     1 ||     6
  Eat: Ration            |     1 |     2 |     1 ||     4
       Chunk             |       |     4 |     1 ||     5
Armor: Animal skin       |     2 |       |       ||     2
       Leather armour    |    33 |       |       ||    33
       Scale mail        |    46 |    85 |       ||   131
       Chain mail        |       |    20 |     8 ||    28
Dodge: Dodged            |   124 |   129 |     8 ||   261
Block: Buckler           |       |     1 |     4 ||     5
       Rpst.: Falchion   |     5 |       |       ||     5

Table legend:
 A = Non-vault XP
 B = Vault XP
 C = Vault XP percentage of total XP
 D = Non-vault monster count
 E = Vault monster count
 F = Vault count percentage of total count
                 A         B        C        D         E       F
            +---------+---------+-------+---------+---------+-------
      Total |    1003 |     119 |  10.6 |     101 |       8 |   7.3
            +---------+---------+-------+---------+---------+-------
        D:1 |      39 |       5 |  11.4 |      20 |       4 |  16.7
        D:2 |     145 |       0 |   0.0 |      25 |       0 |   0.0
        D:3 |     138 |       0 |   0.0 |      30 |       0 |   0.0
        D:4 |     493 |     114 |  18.8 |      22 |       4 |  15.4
        D:5 |     188 |       0 |   0.0 |       4 |       0 |   0.0
            +---------+---------+-------+---------+---------+-------
